 Dungeon Crawl Stone Soup version 0.31-a0-590-g8a5a4361df (webtiles) character file.

Game seed: 9310472549606955364

17757 thirtiethelement the Thaumaturge (level 12, 0/87 HPs)
             Began as a Demonspawn Cinder Acolyte on Aug 20, 2023.
             Was an Initiate of Makhleb.
             Slain by a fire elemental (12 damage)
             ... created by the fiery vengeance of Ignis
             ... on level 12 of the Dungeon.
             The game lasted 01:16:04 (13451 turns).

thirtiethelement the Thaumaturge (DsCA)            Turns: 13451, Time: 01:16:05

Health: 0/87       AC:  7    Str: 14    XL:     12   Next: 21%
Magic:  22/22      EV: 12    Int: 22    God:    Makhleb [......]
Gold:   166        SH:  0    Dex: 10    Spells: 14/30 levels left

rFire   . . .        B - +4 war axe "Miskeuj" {freeze, Will+}
rCold   + . .        (no shield)
rNeg    . . .        r - +0 steam dragon scales
rPois   .            H - +0 hat {SInv}
rElec   .            f - scarf {rC+ rF+}
rCorr   .            k - +0 pair of gloves
SInv    +            (no boots)
Will    +....        g - amulet of regeneration
Stlth   ++++         l - ring of flight
HPRegen 1.14/turn    y - ring of wizardry
MPRegen 0.18/turn

%: wizardry (x1)
@: flying, unable to read, fire susceptible
A: hooves 2, thin skeletal structure 1, ignite blood 1, powered by pain 1, low
MP 1, inability to read after injury 1
a: Renounce Religion


You were on level 12 of the Dungeon.
You worshipped Makhleb.
Makhleb was noncommittal.
You visited 1 branch of the dungeon, and saw 14 of its levels.
You visited the Abyss 1 time.
You also visited: Ossuary.

You collected 614 gold pieces.
You spent 448 gold pieces at shops.

Inventory:

Hand Weapons
 B - the +4 war axe "Miskeuj" (weapon) {freeze, Will+}
   (You found it on level 4 of the Dungeon)

   Will+:     It increases your willpower.
 C - the +2 sling of the Six Xenophobes {heavy, Str+2}
   (You found it on level 4 of the Dungeon)

   Str+2:     It affects your strength (+2).
 S - a +2 falchion
 T - a +2 great sword
Missiles
 p - 10 boomerangs (quivered)
 N - a silver javelin
 O - a throwing net
 Z - 3 curare-tipped darts
Armour
 c - a +0 helmet
 f - a scarf of resistance (worn)
 k - a +0 pair of gloves (worn)
 o - a +0 cloak
 q - a +0 leather armour of fire resistance
 r - +0 steam dragon scales (worn)
 H - a +0 hat of see invisible (worn)
 P - a +0 tower shield
 V - +0 acid dragon scales
Magical Staves
 Y - a staff of conjuration
Jewellery
 g - an amulet of regeneration (around neck)
 l - a ring of flight (left hand)
 n - an amulet of reflection
 y - a ring of wizardry (right hand)
 A - the ring of Puluo {Wiz rF+ rC- Will+}
   (You found it on level 4 of the Dungeon)

   [ring of wizardry]

   Wiz:       It improves your spell success rate.
   rF+:       It protects you from fire.
   rC-:       It makes you vulnerable to cold.
   Will+:     It increases your willpower.
 Q - a ring of positive energy
Talismans
 G - a beast talisman
 I - a flux talisman
Wands
 b - a wand of flame (48)
 e - a wand of quicksilver (10)
 R - a wand of mindburst (25)
Scrolls
 a - a scroll of butterflies
 d - 3 scrolls of enchant weapon
 h - 3 scrolls of teleportation
 i - 4 scrolls of fog
 j - 4 scrolls of amnesia
 s - 5 scrolls of immolation
 t - a scroll of identify
 u - 3 scrolls of vulnerability
 v - a scroll of silence
 E - 3 scrolls of noise
 F - 2 scrolls of brand weapon
 J - a scroll of blinking
 L - a scroll of fear
 M - a scroll of poison
 W - a scroll of torment
Potions
 m - 2 potions of cancellation
 w - 2 potions of attraction
 x - 2 potions of enlightenment
 z - a potion of resistance
 K - 2 potions of might
 X - a potion of lignification
Miscellaneous
 U - a condenser vane


   Skills:
 + Level 5.8 Fighting
 - Level 4.3 Long Blades
 + Level 7.0 Axes
 + Level 3.4 Throwing
 + Level 3.7 Armour
 + Level 3.7 Dodging
 + Level 4.9 Stealth
 + Level 0.5 Shields
 + Level 9.5 Spellcasting
 + Level 1.6 Conjurations
 + Level 9.4 Fire Magic
 + Level 3.3 Air Magic
 + Level 3.5 Poison Magic
 + Level 0.5 Evocations


You had 14 spell levels left.
You knew the following spells:

 Your Spells              Type           Power      Damage    Failure   Level
a - Scorch                Fire           100%       2d9       1%          2
b - Necrotise             Necr           40%        1d6       2%          1
c - Poisonous Vapours     Pois/Air       50%        N/A       1%          2
d - Mephitic Cloud        Conj/Pois/Air  22%        N/A       2%          3
e - Flame Wave            Conj/Fire      34%        2d10      2%          4
f - Sticky Flame          Conj/Fire      34%        2d5       2%          4

Your spell library contained the following spells:

 Spells                   Type           Power      Damage    Failure   Level
 Cigotuvi's Dreadful Rot  Necr/Pois/Air  40%        N/A       1%          2
 Inner Flame              Hex/Fire       31%        N/A       1%          3
 Vampiric Draining        Necr           10%        2d6       8%          3
 Dispel Undead            Necr           10%        3d9       26%         4
 Passage of Golubria      Tloc           10%        N/A       26%         4
 Freezing Cloud           Conj/Ice/Air   8%         6-21      32%         5
 Silence                  Hex/Air        8%         N/A       32%         5
 Agony                    Necr           10%        N/A       54%         5
 Death Channel            Necr           5%         N/A       98%         6
 Lehudib's Crystal Spear  Conj/Erth      7%         10d3      100%        8


Dungeon Overview and Level Annotations

Branches:
Dungeon (14/15)              Lair (0/5) D:8             Orc (0/2) D:11
Ossuary (visited)
 Temple: D:4-7       Vaults: D:13-14

Altars:
Ashenzari
Gozag
Makhleb
Nemelex Xobeh
Sif Muna
Yredelemnul

Shops:
D:7 (   D:10 :   D:12 [

Annotations:
D:6 Juicyj's ghost, novice MiFi
D:9 exclusion: ice statue


Innate Abilities, Weirdness & Mutations

You have hoof-like feet.
You have a somewhat thin skeletal structure. (Dex +2, Stealth+)
Your demonic aura sometimes causes spilled blood to erupt in flames.
You sometimes gain a little power by taking damage.
Your magical capacity is low. (-10% MP)
You occasionally lose the ability to read scrolls when taking damage.


Message History

The fire elemental burns you!
You hit the fire elemental but do no damage.
The fire elemental is heavily damaged.
You slash the fire elemental! You freeze the fire elemental.
The fire elemental closely misses you. The fire elemental barely misses you.
The fire elemental hits you. The fire elemental burns you!
The fire elemental hits you. The fire elemental burns you!
Blink to where?
Press: ? - help, Dir - move target
As you read the scroll of blinking, it crumbles to dust.
Aiming: Mindburst
Press: ? - help, Shift-Dir - straight line, f - fire elemental
Aim: a fire elemental (heavily damaged, durably summoned, infinite will)
Okay, then.
Press: ? - help, v - describe, . - travel
Here: a fire elemental (heavily damaged, durably summoned)
The floor.
You see here a +0 chain mail.
You hit the fire elemental. You freeze the fire elemental.
Your kick misses the fire elemental.
The fire elemental is severely damaged.
The fire elemental hits you. The fire elemental burns you!
You barely miss the fire elemental. Your kick misses the fire elemental.
The fire elemental is severely damaged.
The fire elemental misses you. x2
You closely miss the fire elemental. You kick the fire elemental.
The fire elemental is severely damaged.
The fire elemental hits you. The fire elemental burns you!
You feel threatened and lose the ability to read scrolls!
* * * LOW HITPOINT WARNING * * *
The fire elemental hits you. The fire elemental burns you!
* * * LOW HITPOINT WARNING * * *
You cannot read scrolls in your current state!
You feel better. The fire elemental hits you. The fire elemental burns you!
* * * LOW HITPOINT WARNING * * *
You cannot read scrolls in your current state!
The fire elemental hits you. The fire elemental burns you!
* * * LOW HITPOINT WARNING * * *
You feel better. The fire elemental hits you. The fire elemental burns you!
You die...

#.°E○.............#.####.####
#°####○##.........#..........
#☼# #○#####......######.####
#.# #E# ###...#..######...##
#E# #○# #.....#..##.........
#○# #.###.#.................
#E# #.○.°...................
#.# #####○##................
#○# #EE@................ #§#
#.##.##.###......... #○#
####.##.##.#######+#### #°#
#....##.##.......#.# ## #.#
#........'.......#.# #. #.#
#....#####.......#.# #. ###
#.##.# #.......#.###. #.##.#
####<.......+. #.##.#
######.###.


You could see 2 fire elementals.

Vanquished Creatures
  Gastronok (D:10)
  A frost giant (D:9)
  An ice dragon (D:9)
  A boulder beetle (D:11)
  A two-headed ogre (D:12)
  A thrashing horror (Abyss:2)
  Sonja (D:12)
  A deep elf pyromancer (D:11)
  2 manticores
  3 cyclopes
  3 gargoyles
  Psyche (D:8)
  A komodo dragon (D:12)
  2 trolls
  A hornet (D:8)
  Sigmund (D:5)
  A wraith (D:9)
  10 yaks
  3 shadows
  A fire elemental (D:12)
  A human (D:10)
  A wyvern (D:10)
  2 steam dragons
  6 vampire mosquitoes
  2 acid dragons
  A water moccasin (D:6)
  An orc warrior (D:8)
  2 sky beasts (D:7)
  2 black bears (D:8)
  11 ice beasts
  An ogre (D:5)
  5 centaurs
  3 phantoms
  2 gnoll sergeants
  3 bullfrogs
  2 elf zombies (Ossuary)
  A scorpion (D:5)
  7 wights
  9 killer bees
  A howler monkey (D:7)
  4 electric eels (D:9)
  6 hounds
  2 centaur zombies (Ossuary)
  2 jellies
  2 human zombies (Ossuary)
  4 orc priests
  A gnoll bouda (D:7)
  An iguana (D:6)
  2 sleepcaps
  13 orc wizards
  2 mummies (Ossuary)
  Robin (D:4)
  15 gnolls
  5 adders
  4 white imps
  An ufetubus (D:4)
  5 worms
  3 dart slugs
  48 orcs
  5 ball pythons
  8 bats
  4 endoplasms
  4 giant cockroaches
  17 goblins
  9 hobgoblins
  10 jackals
  3 quokkas
  3 training dummies (D:7)
  6 frilled lizards
  A goblin zombie (Ossuary)
  6 hobgoblin zombies (Ossuary)
  3 jackal zombies (Ossuary)
  6 kobolds
  11 kobold zombies (Ossuary)
  9 orc zombies (Ossuary)
  9 rats
  A rat zombie (Ossuary)
336 creatures vanquished.

Vanquished Creatures (others)
  140 foxfires
140 creatures vanquished.

Grand Total: 476 creatures vanquished

Notes
Turn   | Place    | Note
-------+----------+-------------------------------------------
     0 | D:1      | thirtiethelement the Demonspawn Cinder Acolyte began the
                  | quest for the Orb.
     0 | D:1      | Reached XP level 1. HP: 18/18 MP: 2/2
   147 | D:1      | Gained mutation: You have a somewhat thin skeletal
                  | structure. (Dex +2, Stealth+) [demonic ancestry]
   147 | D:1      | Reached XP level 2. HP: 24/24 MP: 3/3
   150 | D:1      | Learned a level 2 spell: Scorch
   425 | D:1      | Gained mutation: You have large cloven feet. [demonic
                  | ancestry]
   425 | D:1      | Reached XP level 3. HP: 29/29 MP: 1/4
   748 | D:2      | Gained mutation: You sometimes gain a little power by
                  | taking damage. [demonic ancestry]
   748 | D:2      | Reached XP level 4. HP: 36/36 MP: 0/5
  1386 | D:2      | Reached skill level 1 in Dodging
  1882 | D:3      | Reached skill level 1 in Stealth
  1882 | D:3      | Reached XP level 5. HP: 33/42 MP: 2/7
  2010 | D:3      | Found a faded altar of an unknown god.
  2490 | D:3      | Reached XP level 6. HP: 45/48 MP: 4/9
  2831 | D:4      | Noticed Robin
  2836 | D:4      | Killed Robin
  3009 | D:4      | Found a sand-covered staircase.
  3016 | Ossuary  | Entered an ossuary
  3235 | Ossuary  | Reached skill level 1 in Throwing
  3250 | Ossuary  | Gained mutation: You have hoof-like feet. [demonic
                  | ancestry]
  3250 | Ossuary  | Reached XP level 7. HP: 40/54 MP: 2/11
  3295 | Ossuary  | Reached skill level 1 in Armour
  3635 | D:4      | Learned a level 1 spell: Necrotise
  3638 | D:4      | Learned a level 2 spell: Poisonous Vapours
  3642 | D:4      | Learned a level 3 spell: Mephitic Cloud
  3738 | D:4      | Identified the ring of Puluo {Wiz rF+ rC- Will+}
  3748 | D:4      | Found a sparkling altar of Nemelex Xobeh.
  3792 | D:4      | Found a shimmering blue altar of Sif Muna.
  3864 | D:4      | Identified the +4 war axe "Miskeuj" {freeze, Will+}
  3873 | D:4      | Identified the +2 sling of the Six Xenophobes {heavy,
                  | Str+2}
  4156 | D:5      | Entered Level 5 of the Dungeon
  4170 | D:5      | Reached skill level 1 in Axes
  4174 | D:5      | Reached XP level 8. HP: 61/61 MP: 5/13
  4537 | D:5      | Identified the +0 dagger of Ocoocsu {heavy, Dex+3}
  4583 | D:5      | Gained mutation: Your magical capacity is low. (-10% MP)
                  | [potion of mutation]
  4583 | D:5      | Gained mutation: You occasionally lose the ability to read
                  | scrolls when taking damage. [potion of mutation]
  4718 | D:5      | Noticed Sigmund
  4731 | D:5      | Killed Sigmund
  5139 | D:6      | Found a runed translucent door.
  5139 | D:6      | Noticed Juicyj's ghost (novice MiFi)
  5228 | D:6      | Found a broken altar of Ashenzari.
  5483 | D:7      | Reached skill level 5 in Fire Magic
  5528 | D:7      | Reached XP level 9. HP: 62/67 MP: 7/13
  5632 | D:7      | Reached skill level 1 in Poison Magic
  5713 | D:7      | Found Samuuqi's Firing Range.
  5825 | D:7      | Reached skill level 1 in Air Magic
  5835 | D:7      | Reached skill level 5 in Fighting
  5910 | D:7      | Reached skill level 5 in Axes
  6424 | D:8      | Noticed Psyche
  6433 | D:8      | Killed Psyche
  6434 | D:8      | Reached skill level 1 in Conjurations
  6644 | D:8      | Reached skill level 5 in Spellcasting
  6713 | D:8      | Paralysed by a hornet for 1 turns
  6857 | D:8      | Reached XP level 10. HP: 59/74 MP: 11/16
  6969 | D:8      | Found a staircase to the Lair.
  7636 | D:9      | Noticed an ice statue
  8669 | D:9      | Noticed an ice dragon
  8685 | D:9      | Killed an ice dragon
  8827 | D:9      | Noticed a frost giant
  9811 | D:9      | HP: 2/74 [frost giant/bolt of cold (17)]
  9813 | D:9      | Killed a frost giant
  9814 | D:9      | Gained mutation: Your demonic aura sometimes causes spilled
                  | blood to erupt in flames. [demonic ancestry]
  9814 | D:9      | Reached XP level 11. HP: 3/80 MP: 14/19
 10297 | D:10     | Entered Level 10 of the Dungeon
 10473 | D:10     | Found an opulent altar of Gozag.
 10484 | D:10     | Found a burning altar of Makhleb.
 10492 | D:10     | Noticed Gastronok
 10594 | D:10     | Killed Gastronok
 10751 | D:10     | Found Ninoev's Book Boutique.
 10761 | D:10     | Bought a book of Flames for 448 gold pieces
 10766 | D:10     | Learned a level 4 spell: Flame Wave
 10771 | D:10     | Learned a level 4 spell: Sticky Flame
 10791 | D:10     | Found a runed translucent door.
 10796 | D:10     | Found a basalt altar of Yredelemnul.
 11167 | D:10     | Fell from the grace of Ignis
 11167 | D:10     | Became a worshipper of Makhleb the Destroyer
 11294 | D:11     | Noticed a deep elf pyromancer
 11300 | D:11     | Killed a deep elf pyromancer
 11546 | D:11     | Found a staircase to the Orcish Mines.
 11555 | D:11     | Noticed a boulder beetle
 11566 | D:11     | HP: 4/80 [manticore/volley of spikes (5)]
 11613 | D:11     | Killed a boulder beetle
 12110 | D:11     | You are sucked into a shaft and drop 3 floors!
 12175 | D:13     | Noticed a centaur warrior
 12441 | D:12     | Found Aqody Yhe's Armour Emporium.
 12632 | D:12     | Reached XP level 12. HP: 73/87 MP: 17/22
 12638 | D:12     | Noticed a two-headed ogre
 12651 | D:12     | Killed a two-headed ogre
 13104 | D:12     | Noticed Sonja
 13116 | Abyss:2  | Cast into level 2 of the Abyss (Sonja)
 13118 | Abyss:2  | Found a corrupted altar of Lugonu.
 13162 | Abyss:2  | Noticed a lich
 13172 | D:12     | Escaped the Abyss
 13176 | D:12     | Killed Sonja
 13325 | D:12     | Found a burning altar of Makhleb.
 13325 | D:12     | Noticed a balrug
 13451 | D:12     | Slain by a fire elemental

Illustrated notes

Levels and vault maps discovered:
D:1:      lightli_arrival_noodles, layout_basic
D:2:      layout_basic, st_stairs_7, minmay_circled_x
D:3:      layout_basic, hellmonk_ecumenical_altar_pennies_from_heaven,
          minmay_fractal_squares_gapless_5
D:4:      layout_gridville, led_sif_pool, lemuel_tele_altar,
          nicolae_ossuary_entry_false_entrances, uniq_robin
D:5:      layout_rooms, uniq_sigmund
D:6:      layout_loops_ring, ashenzari_altar_1, minmay_temple_entry_nine_rooms,
          hellmonk_ghost_happy_afterlife
D:7:      layout_cave_pools, nrook_loot_triangle, minmay_misc_feat_tower,
          nicolae_shop_firing_range
D:8:      layout_basic, mainiacjoe_overflow_cross_hatched,
          grunt_lair_entry_orc_guard_hut, uniq_psyche
D:9:      minmay_twisted_water, layout_basic
D:10:     layout_cave_pods, kennysheep_mini, dk_yredelemnul_ordeal,
          lemuel_crystal_altar, serial_shops, nicolae_shop_trees, uniq_gastronok
D:11:     layout_long_grid, orc_0_dummy, nicolae_wwwww, grunt_decor_arrowhead,
          amcnicky_mini_pool_medium
D:12:     layout_basic, serial_shops, shop, makhleb_altar_promises_db,
          uniq_sonja
D:13:     layout_basic
D:14:     layout_roguey, hangedman_vaults_entry_quadrant_bands,
          serial_park_square3 [serial_park_minivault_5x5_6],
          kiku_gazebo_pond_becter, uniq_snorg

Skill      XL: |  1  2  3  4  5  6  7  8  9 10 11 |
---------------+----------------------------------+-----
Fire Magic     | 3 4 5 6 8 9 |  9.4
Long Blades    | 3 4 |  4.3
Dodging        | 1 2 3 |  3.7
Stealth        | 1 2 3 4 |  4.9
Spellcasting   | 2 3 4 5 7 9 |  9.5
Fighting       | 4 5 |  5.8
Throwing       | 1 2 3 |  3.4
Armour         | 2 3 |  3.7
Axes           | 1 3 5 6 7 |  7.0
Poison Magic   | 1 3 |  3.5
Air Magic      | 1 3 |  3.3
Conjurations   | 1 |  1.6
Shields        | |  0.5
Evocations     | |  0.5

Action                     |  1- 3 |  4- 6 |  7- 9 | 10-12 || total
---------------------------+-------+-------+-------+-------++-------
  Melee: Falchion          |    74 |   177 |    59 |       ||   310
         Kick              |     5 |    36 |    49 |    49 ||   139
         Punch             |       |     2 |     3 |     4 ||     9
         War axe           |       |       |   153 |   161 ||   314
  Throw: Boomerang         |       |    27 |    37 |    24 ||    88
   Cast: Scorch            |    10 |    68 |    60 |   166 ||   304
         Poisonous Vapours |       |       |    16 |    31 ||    47
         Mephitic Cloud    |       |       |     8 |     9 ||    17
         Flame Wave        |       |       |       |     4 ||     4
 Invoke: Foxfire Swarm     |       |     4 |     5 |       ||     9
         Rising Flame      |       |       |       |     1 ||     1
  Evoke: Wand              |       |       |     2 |     7 ||     9
    Use: Potion            |       |     1 |     4 |     9 ||    14
         Scroll            |       |     5 |    15 |     9 ||    29
   Stab: Sleeping          |       |     6 |     8 |     9 ||    23
         Confused          |       |       |     2 |     2 ||     4
         Distracted        |       |       |       |     1 ||     1
 Armour: Robe              |    21 |    39 |       |       ||    60
         Leather armour    |       |    41 |    89 |       ||   130
         Steam dragon scal |       |       |    11 |    67 ||    78
  Dodge: Dodged            |    47 |   151 |   161 |   164 ||   523
  Block: Other             |       |       |       |    15 ||    15

Table legend: (Time is in decaauts)
 A = Elapsed time spent in this place.
 B = Non-inter-level travel time spent in this place.
 C = Inter-level travel time spent in this place.
 D = Time resting spent in this place.
 E = Time spent auto-exploring this place.
 F = Levels seen in this place.
 G = Mean time per level.
                   A        B        C        D        E       F      G
               +--------+--------+--------+--------+--------+-----+--------+
         Total |  13532 |  13330 |    202 |   2292 |   6625 |  16 |  845.8 |
       Dungeon |  13094 |  12892 |    202 |   2214 |   6623 |  14 |  935.3 |
         Abyss |     60 |     60 |      0 |      5 |      0 |   1 |   60.0 |
       Ossuary |    376 |    376 |      0 |     73 |      2 |   1 |  376.0 |
               +--------+--------+--------+--------+--------+-----+--------+

Top non-repeatable levels by time:
     D:9: 2959 daAuts
    D:12: 1142 daAuts
     D:2: 1065 daAuts
     D:8: 1054 daAuts
     D:3: 1020 daAuts
     D:4: 1004 daAuts
    D:11: 982 daAuts
    D:10: 921 daAuts
     D:7: 806 daAuts
     D:1: 741 daAuts
     D:6: 665 daAuts
     D:5: 660 daAuts
 Ossuary: 376 daAuts
    D:13: 66 daAuts
 Abyss:2: 60 daAuts
